AoeStats
← crypto_zhupel

Arabia

506080472Analyzed
1v1 RM · 19d ago on Sep 12, 2026· 35m 0s· 2 players
Game mode
Random Map
Map size
Tiny (2 player)
Population
200
Speed
Normal
Resources
Standard
Victory
Conquest
Starting age
Dark Age
Ending age
Imperial Age
RankedLock teamsTeams togetherTeam positionsShared explorationLock speedFull tech treeHidden civsTurbo modeCheats
Victory
Defeat
🇨🇳 Burgundians · China
1345
+15
🇷🇺 Slavs · Russia
1333
-15
crypto_zhupel
7:24 Loom
9:42 Feudal Age
10:30 Man-at-Arms
17:21 Double-Bit Axe
21:41 Castle Age
20:25 Fletching
21:44 Crossbowman
22:21 Bodkin Arrow
24:59 Padded Archer Armor
26:41 Wheelbarrow
27:37 Bow Saw
28:12 Leather Archer Armor
28:08 Horse Collar
35:37 Imperial Age
credit card
3:27 Double-Bit Axe
6:08 Loom
9:11 Feudal Age
8:55 Horse Collar
10:07 Bow Saw
16:53 Wheelbarrow
19:57 Castle Age
18:59 Scale Barding Armor
18:49 Gold Mining
19:07 Heavy Plow
20:08 Gold Shaft Mining
19:57 Forging
19:59 Cavalier
21:57 Two-Man Saw
22:36 Hand Cart
24:45 Chain Barding Armor
27:30 Town Watch
27:29 Cavalier
28:26 Husbandry
31:23 Light Cavalry
33:43 Gold Shaft Mining
37:47 Imperial Age
Connection lost

Rejoining the realm…

Still unreachable

The connection could not be restored.

Session expired

The server has moved on; the page needs a fresh start.